 Dungeon Crawl Stone Soup version 0.30-a0-210-g01b79a254e (webtiles) character file.

Game seed: 8808551986828463882

39 gelatine the Firebug (level 3, -4/24 HPs)
             Began as a Demonspawn Fire Elementalist on Oct 5, 2022.
             Killed by divine providence
             ... invoked by an orc priest
              (14 damage)
             ... on level 3 of the Dungeon.
             The game lasted 00:04:53 (1698 turns).

gelatine the Firebug (Demonspawn Fire Elementalist) Turns: 1698, Time: 00:04:55

Health: -4/24      AC:  2    Str:  8    XL:     3   Next: 28%
Magic:  3/6        EV: 12    Int: 18    God:
Gold:   79         SH:  0    Dex: 13    Spells: 3/6 levels left

rFire   + . .      SeeInvis .    e - +0 short sword (speed)
rCold   + . .      Faith    .    (no shield)
rNeg    . . .      Spirit   .    a - +0 robe
rPois   .          Reflect  .    (helmet restricted)
rElec   .          Harm     .    g - scarf {rC+ rF+}
rCorr   .          Rampage  .    (no gloves)
Will    .....                    (no boots)
Stlth   ++........               (no amulet)
HPRegen 0.24/turn                (no ring)
MPRegen 0.10/turn                (no ring)

@: no status effects
A: antennae 1
a: no special abilities


You were on level 3 of the Dungeon.
You visited 1 branch of the dungeon, and saw 3 of its levels.

You collected 107 gold pieces.
You spent 28 gold pieces at shops.

Inventory:

Hand Weapons
 c - a +0 dagger
 e - a +0 short sword of speed (weapon)
Missiles
 d - 4 atropa-tipped darts
 f - 11 poisoned darts
Armour
 a - a +0 robe (worn)
 g - a scarf of resistance (worn)
Wands
 o - a wand of flame (24)
Scrolls
 h - a scroll of teleportation
 i - a scroll of poison
 l - a scroll of magic mapping {unknown}
 m - a scroll of torment {unknown}
 n - a scroll of immolation {unknown}
Potions
 b - a potion of magic
 j - a potion of brilliance {unknown}
 k - a potion of flight {unknown}


   Skills:
 + Level 0.2 Fighting
 + Level 0.1 Short Blades
 + Level 1.8 Dodging
 + Level 2.0 Stealth
 + Level 2.3 Spellcasting
 + Level 1.6 Conjurations
 + Level 3.3 Fire Magic


You had 3 spell levels left.
You knew the following spells:

 Your Spells              Type           Power      Damage    Failure   Level
a - Foxfire               Conj/Fire      40%        2x1d6     6%          1
b - Scorch                Fire           28%        2d6       7%          2

Your spell library contained the following spells:

 Spells                   Type           Power      Damage    Failure   Level
 Apportation              Tloc           4%         N/A       17%         1
 Inner Flame              Hex/Fire       8%         N/A       26%         3
 Kindle Blastsparks       Fire/Tloc/Air  12%        2d11      32%         3
 Flame Wave               Conj/Fire      10%        2d6       54%         4
 Alistair's Intoxication  Tmut/Pois      1%         N/A       99%         5


Dungeon Overview and Level Annotations

Branches:
Dungeon (3/15)

Altars:

Shops:
D:1 *


Innate Abilities, Weirdness & Mutations

You have a pair of small antennae on your head.


Message History

The hobgoblin is almost dead.
The foxfire hits the hobgoblin.
You kill the hobgoblin!
Your foxfire dissipates!
Found a stone staircase leading down.
o - a wand of flame (24)
There is a stone staircase leading down here.
You see here a +0 robe.
There is a stone staircase leading down here.
Found an escape hatch in the ceiling.
There is an escape hatch in the ceiling here.
Done exploring.
Done exploring.
There is a stone staircase leading down here.
You climb downwards.
The orc priest shouts!
There is a stone staircase leading up here.
You conjure some foxfire!
The orc priest shouts!
The orc shouts!
You conjure some foxfire!
The foxfire hits the orc.
The orc is heavily wounded.
The foxfire hits the orc but does no damage.
The orc is heavily wounded.
The orc hits you with a +0 dagger.
You conjure some foxfire!
The foxfire hits the orc.
You kill the orc!
The foxfire hits the orc.
The orc is almost dead.
The orc priest calls down the wrath of Beogh upon you.
Beogh smites you!
Ouch! That really hurt!
You are too injured to fight recklessly!
The foxfire hits the orc.
You kill the orc!
The foxfire hits the orc priest but does no damage.
The orc priest casts a cantrip, but nothing happens.
The orc priest invokes the aid of Beogh against you.
Beogh smites you!
Ouch! That really hurt!
You die...

####
... ...
#o.
####o##
.....#
#ยง).#
#.@.#
#####


You could see 2 orc priests.

Vanquished Creatures
  2 dart slugs
  2 orcs (D:3)
  4 bats (D:1)
  4 endoplasms (D:1)
  A giant cockroach (D:1)
  2 hobgoblins
  4 jackals (D:1)
  2 kobolds (D:1)
  2 quokkas (D:1)
  3 ball pythons (D:1)
  A frilled lizard (D:1)
  2 goblins (D:1)
  2 rats
31 creatures vanquished.

Vanquished Creatures (others)
  94 foxfires
94 creatures vanquished.

Grand Total: 125 creatures vanquished

Notes
Turn   | Place    | Note
-------+----------+-------------------------------------------
     0 | D:1      | gelatine the Demonspawn Fire Elementalist began the quest
                  | for the Orb.
     0 | D:1      | Reached XP level 1. HP: 13/13 MP: 3/3
   122 | D:1      | Reached skill level 3 in Fire Magic
   122 | D:1      | Gained mutation: You have a pair of small antennae on your
                  | head. [demonic ancestry]
   122 | D:1      | Reached XP level 2. HP: 19/19 MP: 0/5
   126 | D:1      | Found Dirraode's General Store.
   349 | D:1      | Found a faded altar of an unknown god.
   540 | D:1      | Reached XP level 3. HP: 17/24 MP: 2/6
  1061 | D:1      | Bought a scroll of identify for 28 gold pieces
  1283 | D:2      | Learned a level 2 spell: Scorch
  1698 | D:3      | Killed from afar by an orc priest

Illustrated notes

Levels and vault maps discovered:
D:1:      minmay_arrival_jagged, layout_loops_ring, serial_shops, shop,
          dreamdust_ecumenical_altar_statues
D:2:      layout_loops_ring
D:3:      layout_rooms, marbit_many_paths, serial_shops,
          nicolae_shop_competitors_out_of_business, gammafunk_ghost_grave

Skill      XL: |  1  2  3 |
---------------+----------+-----
Fire Magic     | 3 |  3.3
Stealth        | 2 |  2.0
Fighting       | |  0.2
Short Blades   | |  0.1
Dodging        | |  1.8
Spellcasting   | |  2.3
Conjurations   | |  1.6

Action                   || total
-------------------------++-------
Melee: Dagger            ||     4
       Short sword       ||    21
 Cast: Foxfire           ||    54
  Use: Scroll            ||     2
Armor: Robe              ||    10
Dodge: Dodged            ||    24

Table legend: (Time is in decaauts)
 A = Elapsed time spent in this place.
 B = Non-inter-level travel time spent in this place.
 C = Inter-level travel time spent in this place.
 D = Time resting spent in this place.
 E = Time spent auto-exploring this place.
 F = Levels seen in this place.
 G = Mean time per level.
                   A        B        C        D        E       F      G
               +--------+--------+--------+--------+--------+-----+--------+
         Total |   1689 |   1607 |     82 |      6 |   1347 |   3 |  563.0 |
       Dungeon |   1689 |   1607 |     82 |      6 |   1347 |   3 |  563.0 |
               +--------+--------+--------+--------+--------+-----+--------+

Top non-repeatable levels by time:
     D:1: 1062 daAuts
     D:2: 623 daAuts
     D:3: 3 daAuts
